 Dungeon Crawl Stone Soup version 0.31-a0-636-ge1c0e020e0 (webtiles) character file.

Game seed: 1176691663181016696

1208 AdnanSaban the Cudgeller (level 8, -6/48 HPs)
             Began as a Gargoyle Fighter on Aug 26, 2023.
             Mangled by an orc warrior
             ... wielding a +0 glaive
              (10 damage)
             ... on level 6 of the Dungeon.
             The game lasted 00:04:58 (4210 turns).

AdnanSaban the Cudgeller (Gargoyle Fighter)         Turns: 4210, Time: 00:04:59

Health: -6/48      AC: 21    Str: 22    XL:     8   Next: 45%
Magic:  8/8        EV:  8    Int:  9    God:
Gold:   367        SH:  4    Dex:  9    Spells: 7/7 levels left

rFire   . . .        a - +0 flail
rCold   . . .        c - +0 buckler
rNeg    + . .        i - +0 chain mail
rPois   ∞            s - +0 helmet
rElec   +            r - +2 cloak
rCorr   .            u - +0 pair of gloves
SInv    .            (no boots)
Will    .....        (no amulet) Stlth
                     (no ring)
HPRegen 0.28/turn    (no ring)
MPRegen 0.11/turn

%: no passive effects
@: no status effects
A: sickness immunity, AC +5, negative energy resistance 1, electricity
resistance, torment resistance 1, petrification resistance
a: no special abilities


You were on level 6 of the Dungeon.
You visited 1 branch of the dungeon, and saw 6 of its levels.
You also visited: Sewer.

You collected 367 gold pieces.

Inventory:

Hand Weapons
 a - a +0 flail (weapon)
Missiles
 f - 2 poisoned darts (quivered)
 k - 2 throwing nets
 p - 5 boomerangs
Armour
 c - a +0 buckler (worn)
 i - a +0 chain mail (worn)
 r - a +2 cloak (worn)
 s - a +0 helmet (worn)
 u - a +0 pair of gloves (worn)
Jewellery
 m - a ring of wizardry
 q - the ring "Yrrosh" {Ice SInv}
   (You found it on level 3 of the Dungeon)

   [ring of ice]

   Ice:       It enhances your ice magic.
   rF-:       It makes you vulnerable to fire.
   rC+:       It protects you from cold.
   SInv:      It lets you see invisible.
Scrolls
 e - a scroll of torment {unknown}
 g - 4 scrolls of blinking
 h - 2 scrolls of fear {unknown}
 j - 2 scrolls of poison {unknown}
 v - 3 scrolls of identify {unknown}
 w - a scroll of immolation {unknown}
 x - a scroll of noise {unknown}
 y - 2 scrolls of teleportation {unknown}
 C - 3 scrolls of silence {unknown}
Potions
 b - 2 potions of resistance {unknown}
 d - 2 potions of might
 l - 2 potions of curing {unknown}
 n - a potion of heal wounds {unknown}
 o - a potion of cancellation {unknown}
 t - a potion of invisibility {unknown}
 z - 2 potions of mutation {unknown}
 A - a potion of berserk rage {unknown}
 B - a potion of lignification {unknown}
 D - a potion of ambrosia {unknown}
 E - a potion of attraction {unknown}


   Skills:
 + Level 4.9 Fighting
 + Level 6.5 Maces & Flails
 + Level 0.5 Throwing
 + Level 5.7 Armour
 + Level 2.2 Dodging
 + Level 1.1 Stealth
 + Level 5.3 Shields


You had 7 spell levels left.
You didn't know any spells.
Your spell library contained the following spells:

 Spells                   Type           Power      Damage    Failure   Level
 Freeze                   Ice            0%         1d3       96%         1
 Blink                    Tloc           0%         N/A       99%         2
 Ensorcelled Hibernation  Hex/Ice        0%         N/A       99%         2
 Passwall                 Tmut/Erth      0%         N/A       99%         2
 Frozen Ramparts          Ice            0%         1d1       100%        3
 Hailstorm                Conj/Ice       0%         3d3       100%        3
 Inner Flame              Hex/Fire       0%         N/A       100%        3
 Ozocubu's Armour         Ice            0%         N/A       100%        3
 Swiftness                Air            0%         N/A       100%        3
 Manifold Assault         Tloc           0%         N/A       100%        4
 Metabolic Englaciation   Hex/Ice        0%         N/A       100%        5
 Summon Forest            Summ/Tloc      0%         N/A       100%        5
 Summon Mana Viper        Hex/Summ       0%         N/A       100%        5
 Yara's Violent Unravell  Hex/Tmut       0%         3d3       100%        5
 Simulacrum               Ice/Necr       0%         N/A       100%        6
 Summon Cactus Giant      Summ           0%         N/A       100%        6
 Enfeeble                 Hex            0%         N/A       100%        7


Dungeon Overview and Level Annotations

Branches:
Dungeon (6/15)              Sewer (visited)
 Temple: D:4-7

Altars:
Nemelex Xobeh


Innate Abilities, Weirdness & Mutations

You are immune to sickness and miasma.
Your stone body is resilient. (AC +5)
You are immune to poison.
You resist negative energy. (rN+)
You are resistant to electric shocks. (rElec)
You are resistant to unholy torment.
You are immune to petrification.


Message History

The orc warrior attacks as it pursues you!
The orc warrior hits you but does no damage.
You block the hound's attack. The hound bites you but does no damage.
The orc warrior attacks as it pursues you!
You block the orc warrior's attack. The hound attacks as it pursues you!
The hound bites you but does no damage. x2
The hound bites you but does no damage. The hound bites you but does no damage.
The hound attacks as it pursues you! The hound bites you but does no damage.
The hound bites you but does no damage. The hound attacks as it pursues you!
You block the hound's attack. The hound closely misses you.
You block the hound's attack.
The orc warrior attacks as it pursues you!
The orc warrior hits you but does no damage.
The hound attacks as it pursues you! The hound bites you but does no damage.
The hound barely misses you. The hound attacks as it pursues you!
The hound bites you but does no damage. The hound bites you but does no damage.
The orc warrior attacks as it pursues you!
The orc warrior hits you from afar with a +0 glaive!
The hound bites you but does no damage. The hound attacks as it pursues you!
The hound bites you but does no damage. The hound barely misses you.
The hound attacks as it pursues you! The hound barely misses you.
The hound attacks as it pursues you! The hound bites you but does no damage.
The hound closely misses you.
The orc warrior attacks as it pursues you!
The orc warrior hits you from afar with a +0 glaive!
* * * LOW HITPOINT WARNING * * *
The hound attacks as it pursues you! The hound bites you but does no damage.
The orc warrior attacks as it pursues you!
The orc warrior hits you from afar with a +0 glaive.
* * * LOW HITPOINT WARNING * * *
The hound bites you.
* * * LOW HITPOINT WARNING * * *
The orc warrior attacks as it pursues you!
The orc warrior hits you from afar with a +0 glaive!
You die...

#.....##..#.#########.#
##...###..#.# #.#
#...## #..#.# #.# #.###
#....#########.# #.#
#.#.........##.# #.#
#....######.##.# #.#
#.##.# ##.##.# #.#
#.##.#####...#.#
#.######.##....<@.#...#
#......#.########h..###
######.#.# ##o##
#####....# #.#
......#..# #.#
#####...## #####.#
###.# #.....# #.#
#.##### #.# #.#


You could see an orc warrior and a hound.

Vanquished Creatures
  Grinder (D:3)
  3 ice beasts (D:5)
  A sky beast (D:5)
  An ogre (D:4)
  2 bullfrogs (Sewer)
  A howler monkey (D:5)
  3 hounds
  An orc priest (D:6)
  A jelly (D:5)
  A sleepcap (D:4)
  2 iguanas (D:5)
  6 adders
  3 worms
  A dart slug (D:3)
  6 orcs
  18 ball pythons
  5 bats
  16 endoplasms
  8 giant cockroaches
  6 goblins
  7 hobgoblins
  9 jackals
  5 kobolds
  6 quokkas
  11 frilled lizards
  3 rats
127 creatures vanquished.

Notes
Turn   | Place    | Note
-------+----------+-------------------------------------------
     0 | D:1      | AdnanSaban the Gargoyle Fighter began the quest for the
                  | Orb.
     0 | D:1      | Reached XP level 1. HP: 14/14 MP: 1/1
   132 | D:1      | Reached XP level 2. HP: 19/19 MP: 2/2
   693 | D:2      | Reached XP level 3. HP: 14/23 MP: 3/3
   991 | D:3      | Found a faded altar of an unknown god.
  1089 | D:3      | Noticed Grinder
  1096 | D:3      | Paralysed by Grinder for 5 turns
  1105 | D:3      | Paralysed by Grinder for 3 turns
  1129 | D:3      | Killed Grinder
  1130 | D:3      | Reached skill level 3 in Maces & Flails
  1130 | D:3      | Reached XP level 4. HP: 24/29 MP: 4/4
  1130 | D:3      | Reached XP level 5. HP: 28/33 MP: 5/5
  1130 | D:3      | Reached XP level 6. HP: 32/38 MP: 6/6
  1536 | D:3      | Identified the ring "Yrrosh" {Ice SInv}
  1628 | D:3      | Found a sparkling altar of Nemelex Xobeh.
  2005 | D:4      | Reached skill level 5 in Armour
  2165 | D:4      | Reached skill level 4 in Maces & Flails
  2165 | D:4      | Reached skill level 1 in Dodging
  2270 | D:4      | Reached XP level 7. HP: 33/43 MP: 7/7
  2621 | D:5      | Entered Level 5 of the Dungeon
  2745 | D:5      | Reached skill level 5 in Maces & Flails
  2745 | D:5      | Reached skill level 1 in Stealth
  2930 | D:5      | Found a glowing drain.
  2961 | Sewer    | Entered a sewer
  3414 | Sewer    | Reached XP level 8. HP: 20/48 MP: 8/8
  3419 | Sewer    | Reached skill level 6 in Maces & Flails
  3632 | D:5      | Reached skill level 5 in Shields
  4210 | D:6      | Mangled by an orc warrior

Illustrated notes

Levels and vault maps discovered:
D:1:      noname_arrival_rooms_in_the_neighbourhood, layout_rooms,
          minmay_unequal
D:2:      layout_rooms
D:3:      layout_loops_ring, mainiacjoe_overflow_catwalk,
          basic_ecumenical_altar, minmay_puff, uniq_grinder
D:4:      layout_basic, kennysheep_dice
D:5:      layout_basic, cheibrodos_sewer_entry_bend
D:6:      layout_loops_ring, mainiacjoe_overflow_chevrons,
          minmay_temple_entry_purple_smoke, uniq_menkaure, uniq_pikel,
          uniq_eustachio

Skill      XL: |  1  2  3  4  5  6  7  8 |
---------------+-------------------------+-----
Maces & Flails | 3 4 5 6 |  6.5
Armour         | 4 5 |  5.7
Shields        | 4 5 |  5.3
Fighting       | 4 |  4.9
Dodging        | 1 2 |  2.2
Stealth        | 1 |  1.1
Throwing       | |  0.5

Action                     |  1- 3 |  4- 6 |  7- 9 || total
---------------------------+-------+-------+-------++-------
  Melee: Flail             |   113 |   113 |   316 ||   542
  Throw: Dart              |     4 |       |       ||     4
         Throwing net      |     2 |       |       ||     2
 Armour: Scale mail        |    31 |       |       ||    31
         Chain mail        |    49 |   111 |   262 ||   422
  Dodge: Dodged            |    40 |    61 |   165 ||   266
  Block: Buckler           |    32 |    31 |    88 ||   151

Table legend: (Time is in decaauts)
 A = Elapsed time spent in this place.
 B = Non-inter-level travel time spent in this place.
 C = Inter-level travel time spent in this place.
 D = Time resting spent in this place.
 E = Time spent auto-exploring this place.
 F = Levels seen in this place.
 G = Mean time per level.
                   A        B        C        D        E       F      G
               +--------+--------+--------+--------+--------+-----+--------+
         Total |   4383 |   3988 |    395 |      0 |   2737 |   7 |  626.1 |
       Dungeon |   3723 |   3328 |    395 |      0 |   2372 |   6 |  620.5 |
         Sewer |    659 |    659 |      0 |      0 |    365 |   1 |  659.0 |
               +--------+--------+--------+--------+--------+-----+--------+

Top non-repeatable levels by time:
     D:3: 1037 daAuts
     D:5: 718 daAuts
     D:4: 701 daAuts
   Sewer: 659 daAuts
     D:1: 557 daAuts
     D:2: 414 daAuts
     D:6: 294 daAuts
